AoeStats
← KND

Nomad

507862327Analyzed
4v4 RM · 13d ago on Sep 20, 2026· 33m 6s· 8 players
Game mode
Random Map
Map size
231×231
Population
200
Speed
Normal
Resources
Standard
Victory
Conquest
Starting age
Dark Age
Ending age
Imperial Age
RankedLock teamsTeams togetherTeam positionsShared explorationLock speedFull tech treeHidden civsTurbo modeCheats
Victory
Defeat
🇦🇷 Khmer · Argentina
1588
+11
🇦🇷 Maya · Argentina
1554
+13
🇦🇷 Italians · Argentina
1531
+14
🇦🇷 Wu · Argentina
1472
+16
🇨🇱 Chinese · Chile
1572
-17
🇧🇷 Britons · Brazil
1515
-15
🇨🇴 Gurjaras · Colombia
1443
-12
🇨🇱 Japanese · Chile
1378
-10
[CL] ~C H R I $-
4:35 Loom
14:43 Feudal Age
19:48 Castle Age
22:59 Scale Mail Armor
23:10 Forging
ImPerez22
6:53 Loom
12:00 Feudal Age
14:39 Town Watch
15:47 Double-Bit Axe
28:09 Castle Age
29:14 Medium Warships
KND
8:51 Loom
13:22 Feudal Age
17:03 Castle Age
14:52 Double-Bit Axe
15:48 Horse Collar
16:00 Fishing Lines
18:11 Bow Saw
18:22 Heavy Plow
18:55 Town Watch
19:47 Wheelbarrow
23:15 Fletching
27:01 Ballistics
29:00 Bodkin Arrow
29:42 Padded Archer Armor
32:15 Stone Mining
[CL] ßitokø × 1876
2:52 Loom
11:37 Feudal Age
12:45 Double-Bit Axe
15:55 Fletching
21:19 Fishing Lines
23:42 Castle Age
24:26 Bodkin Arrow
25:21 Medium Warships
__35_Kingpin_Arg
11:51 Feudal Age
12:59 Loom
13:32 Fletching
14:54 Double-Bit Axe
18:21 Wheelbarrow
23:23 Castle Age
22:26 Fishing Lines
24:36 Medium Warships
24:35 Bodkin Arrow
35:04 Imperial Age
33:00 Bow Saw
32:42 Gold Mining
_38_VirusBox_Arg
5:05 Loom
13:32 Feudal Age
17:33 Castle Age
17:20 Town Watch
19:12 Fishing Lines
20:16 Fletching
21:53 Bodkin Arrow
27:19 Wheelbarrow
32:40 Padded Archer Armor
__127_Monchito008_Arg
6:06 Loom
12:15 Feudal Age
16:35 Castle Age
15:00 Double-Bit Axe
15:55 Fishing Lines
16:28 Scale Mail Armor
16:45 Horse Collar
17:20 Squires
17:51 Squires
20:10 Forging
21:39 Chain Mail Armor
_13_Enzus_Arg
5:24 Loom
14:21 Feudal Age
17:14 Castle Age
18:10 Medium Warships
18:51 Double-Bit Axe
20:44 Horse Collar
21:15 Bow Saw
25:10 Heavy Plow
25:57 Wheelbarrow
29:49 Hand Cart
32:57 Imperial Age
30:55 Scale Barding Armor
33:09 Bloodlines
33:00 Husbandry
33:36 Bloodlines
33:48 Chain Barding Armor
33:40 Forging
Connection lost

Rejoining the realm…

Still unreachable

The connection could not be restored.

Session expired

The server has moved on; the page needs a fresh start.